 Adventure DCSS version bcrawl-1.17.3 (webtiles) character file.

Game seed: 15684245105867603229

275 polve the Ducker (level 6, -8/37 HPs)
             Began as a Vine Stalker Monk on Oct 27, 2019.
             Killed by divine providence
             ... invoked by an orc priest
              (13 damage)
             ... on level 5 of the Dungeon.
             The game lasted 00:04:58 (2868 turns).

polve the Ducker (Vine Stalker Monk)                Turns: 2868, Time: 00:04:59

Health: -8/37      AC:  8    Str: 16    XL:     6   Next: 24%
Magic:  0/8        EV: 11    Int: 10    God:
Gold:   180        SH: 10    Dex: 16    Spells: 5/5 levels left
                                        Lives:  0   Deaths: 2

rFire    . . .     SeeInvis .   a - +0 falchion
rCold    + . .     Gourm    .   q - +0 shield
rNeg     . . .     Faith    .   s - +3 ring mail
rPois    +         Spirit   +   c - +0 hat
rElec    .         Reflect  .   (no cloak)
rCorr    .         Harm     .   (no gloves)
MR       .....                  (no boots)
Stlth    ++........             d - amulet of guardian spirit
HPRegen  0.52/turn              (no ring)
MPRegen  0.11/turn              (no ring)

@: no status effects
A: fangs 3, cold resistance 1, poison resistance, regeneration 1, no potion heal
3, rot immunity, strong jaws
a: no special abilities


You were on level 5 of the Dungeon.
You were not hungry.

You visited 1 branch of the dungeon, and saw 5 of its levels.

You collected 180 gold pieces.

Inventory:

Hand Weapons
 a - a +0 falchion (weapon)
Armour
 c - a +0 hat (worn)
 q - a +0 shield (worn)
 s - a +3 ring mail (worn)
Jewellery
 d - an amulet of guardian spirit (around neck)
Wands
 k - a wand of polymorph (12)
 y - a wand of iceblast (8)
Scrolls
 g - 5 scrolls of remove curse {unknown}
 h - 3 scrolls of teleportation {unknown}
 l - 3 scrolls of identify {unknown}
 m - 4 scrolls of blinking {unknown}
 o - 3 scrolls of enchant armour {unknown}
 p - a scroll of fear {unknown}
 t - a scroll of enchant weapon {unknown}
 v - a scroll of amnesia {unknown}
 w - a scroll of magic mapping {unknown}
Potions
 b - 2 potions of lignification {unknown}
 e - a potion of mutation
 i - a potion of magic {unknown}
 j - 2 potions of curing
 n - a potion of might
 r - 2 potions of brilliance
 u - a potion of berserk rage {unknown}
 x - a potion of haste {unknown}
Comestibles
 f - 5 rations {!d}


   Skills:
 + Level 3.4 Fighting
 + Level 4.3 Long Blades
 + Level 1.7 Armour
 + Level 4.4 Dodging
 + Level 3.7 Stealth
 + Level 2.5 Shields
   Level 2.0 Invocations


You had 5 spell levels left.
You didn't know any spells.
Your spell library was empty.

Dungeon Overview and Level Annotations

Branches:
Dungeon (5/12)
 Temple: D:4-7

Altars:
Fedhas
Qazlal
Sif Muna


Innate Abilities, Weirdness & Mutations

You have razor-sharp teeth.
Your natural rate of healing is unusually fast.
Potions cannot restore your health.
You are immune to rotting.
Your bites deal extra damage.
Your flesh is cold resistant. (rC+)
Your system is resistant to poisons. (rPois)


Message History

You bite the orc priest, but do no damage.
The orc priest is almost dead.
You block the orc priest's attack. The orc barely misses you.
You block the orc priest's attack.
Your shield and ring mail prevent you from hitting the orc priest.
The orc priest is almost dead.
The orc priest mumbles some strange prayers to Beogh against you.
Beogh smites you!
* * * LOW HITPOINT WARNING * * *
You block the orc's attack.
You closely miss the orc priest.
The orc priest is almost dead.
The orc priest hits you but does no damage.
The orc barely misses you.
The orc priest hits you but does no damage.
Your shield prevents you from hitting the orc priest.
The orc priest is almost dead.
The orc priest invokes the aid of Beogh against you.
Beogh smites you!
You die...

#.#..######.
#.#.## #.#.#
#.#.# #.#.#
#.#.# #.#.# #
#.#.#.#####
#..@o......
........oo.#####
########.....#
#####.# #


You could see 2 orc priests and an orc.

Vanquished Creatures
  A phantom (D:4)
  A jelly (D:4)
  A centaur skeleton (D:4)
  A hound (D:4)
  An orc wizard (D:4)
  2 worker ants (D:4)
  6 adders (D:3)
  2 shadow imps
  2 oozes (D:2)
  An adder zombie (D:4)
  An adder skeleton (D:4)
  A worm (D:2)
  A dart slug (D:1)
  2 leopard geckos
  15 orcs
  6 bats
  3 giant cockroaches
  2 goblins (D:1)
  12 hobgoblins
  2 jackals (D:3)
  8 kobolds
  2 quokkas (D:3)
  2 ball pythons (D:1)
  3 frilled lizards (D:1)
  2 rats (D:1)
80 creatures vanquished.

Notes
Turn   | Place    | Note
-------+----------+-------------------------------------------
     0 | D:1      | polve the Vine Stalker Monk began the quest for the Orb.
     0 | D:1      | Reached XP level 1. HP: 13/13 MP: 3/3
   108 | D:1      | Reached XP level 2. HP: 18/18 MP: 4/4
   383 | D:1      | Reached XP level 3. HP: 22/23 MP: 3/5
  1058 | D:2      | Reached XP level 4. HP: 20/28 MP: 3/6
  1617 | D:3      | Reached skill level 1 in Armour
  1627 | D:3      | Reached XP level 5. HP: 30/32 MP: 5/7
  1841 | D:3      | Found a blossoming altar of Fedhas.
  1856 | D:3      | Found a shimmering blue altar of Sif Muna.
  2118 | D:4      | Reached skill level 1 in Shields
  2292 | D:4      | Noticed an orc warrior
  2296 | D:4      | Noticed a phantom
  2316 | D:4      | Gained mutation: Your flesh is cold resistant. (rC+)
                  | [potion of mutation]
  2316 | D:4      | Gained mutation: Your system is resistant to poisons.
                  | (rPois) [potion of mutation]
  2316 | D:4      | Slain by an orc warrior
  2317 | D:4      | Reached XP level 4. HP: 0/28 MP: 0/6
  2328 | D:4      | Reached XP level 5. HP: 28/32 MP: 5/7
  2403 | D:4      | Slain by an orc warrior
  2404 | D:4      | Reached XP level 4. HP: -2/28 MP: 0/6
  2517 | D:4      | Killed a phantom
  2517 | D:4      | Reached XP level 5. HP: 27/32 MP: 5/7
  2600 | D:4      | Gained mutation: You have razor-sharp teeth. [Vine Stalker
                  | growth]
  2600 | D:4      | Reached XP level 6. HP: 33/37 MP: 6/8
  2710 | D:4      | Found a stormy altar of Qazlal.
  2828 | D:5      | Entered Level 5 of the Dungeon
  2868 | D:5      | Killed from afar by an orc priest

Skill      XL: |  1  2  3  4  5 |
---------------+----------------+-----
Fighting       | 3 |  3.4
Long Blades    | 3 4 |  4.3
Armour         | 1 |  1.7
Shields        | 2 1 |  2.5
Dodging        | 4 |  4.4
Stealth        | |  3.7
Invocations    | |  2.0

Action                   |  1- 3 |  4- 6 || total
-------------------------+-------+-------++-------
Melee: Falchion          |   113 |   293 ||   406
       Bite              |     8 |    41 ||    49
       Unarmed           |       |    10 ||    10
  Use: Potion            |       |     3 ||     3
 Stab: Sleeping          |     6 |     1 ||     7
  Eat: Chunk             |       |     5 ||     5
Armor: Robe              |     4 |       ||     4
       Leather armour    |    32 |     4 ||    36
       Ring mail         |       |    67 ||    67
       Skin              |       |     1 ||     1
Dodge: Dodged            |    87 |   121 ||   208
Block: Other             |     3 |       ||     3
       Shield            |       |   103 ||   103
